 Dungeon Crawl Stone Soup version 0.17-a0-1831-gaadb308 (webtiles) character file.

101 shakdrar the Distorting Demonspawn (level 4, -2/35 HPs)
             Began as a Demonspawn Abyssal Knight on Sept 14, 2015.
             Was a Believer of Lugonu.
             Slain by a hound (3 damage)
             ... on level 3 of the Dungeon.
             The game lasted 00:09:14 (2362 turns).

shakdrar the Distorting Demonspawn (DsAK)           Turns: 2362, Time: 00:09:14

Health: -2/35      AC:  6    Str: 12      XL:     4   Next: 48%
Magic:  6/7        EV: 11    Int: 14      God:    Lugonu [**....]
Gold:   133        SH:  0    Dex:  8 (9)  Spells: 0 memorised, 3 levels left

rFire  . . .     SeeInvis .     a - +2 hand axe
rCold  . . .     Clarity  .     b - +0 leather armour
rNeg   . . .     SustAt   .     (no shield)
rPois  .         Gourm    +     d - +2 hat
rElec  .         Spirit   .     e - +0 cloak
rCorr  .         Warding  .     (no gloves)
rMut   .         Stasis   .     (no boots)
MR     .....                    k - amulet of the gourmand
Stlth  +.........               (no ring)
                                (no ring)

@: not resistant to hostile enchantments, very unstealthy
A: talons 1, clumsy 2, deterioration 1, powered by death 1
a: Depart the Abyss, Bend Space, Renounce Religion


You were on level 3 of the Dungeon.
You worshipped Lugonu.
Lugonu was pleased with you.
You were hungry.

You visited 1 branch of the dungeon, and saw 3 of its levels.
You visited the Abyss 1 time.

You collected 133 gold pieces.

Inventory:

Hand weapons
 a - a +2 hand axe (weapon)
 m - a cursed -1 blowgun
Missiles
 n - 11 poisoned needles
Armour
 b - a +0 leather armour (worn)
 d - a +2 hat (worn)
 e - a +0 cloak (worn)
Jewellery
 k - an amulet of the gourmand (around neck)
Scrolls
 g - a scroll of fear
 h - 2 scrolls of identify
 i - a scroll of magic mapping
 j - a scroll of amnesia
 l - a scroll of teleportation {unknown}
Comestibles
 c - 2 bread rations
 f - 6 fruits


   Skills:
 - Level 3.0 Fighting
 + Level 2.3 Axes
 + Level 2.8 Armour
 + Level 1.8 Dodging
 + Level 4.0 Invocations


You had 3 spell levels left.
You didn't know any spells.

Dungeon Overview and Level Annotations

Branches:
Dungeon (3/15)

Altars:

Annotations:
D:3 joooohncena's ghost, average TrFi


Innate Abilities, Weirdness & Mutations

You have sharp toenails.
You regenerate a little health from kills.
You are very clumsy. (Dex -4)
Your body sometimes deteriorates upon taking damage.


Message History

You closely miss the hound. Your kick misses the hound.
The hound is heavily wounded.
The hound closely misses you. The hound barely misses you.
You barely miss the hound.
The hound is heavily wounded.
The hound bites you.
* * * LOW HITPOINT WARNING * * *
You hit the hound.
The hound is severely wounded.
The hound closely misses you. The hound bites you.
* * * LOW HITPOINT WARNING * * *
You closely miss the hound.
The hound is severely wounded.
The hound closely misses you. x2
You barely miss the hound.
The hound is severely wounded.
The hound bites you.
* * * LOW HITPOINT WARNING * * *
The hound bites you.
You die...

#. #.# #.# #.#
#.########## #.#
#....gh@...# #.#
#####.###......
#.######...# ###.#
#........#....# .#.
#.######...##.###..
#.### ##### ....
#...# ...# #.#.#
...# #.#.# ...####


You could see a hound and a hobgoblin.

Vanquished Creatures
  3 adders
  A worm (D:2)
  A giant gecko (D:3)
  9 bats
  2 giant cockroaches (D:2)
  7 goblins
  4 hobgoblins
  10 jackals
  9 kobolds
  A quokka (D:2)
  3 giant newts
  4 rats
54 creatures vanquished.

Vanquished Creatures (others)
  A worker ant (D:3)
1 creature vanquished.

Grand Total: 55 creatures vanquished

Notes
Turn   | Place    | Note
--------------------------------------------------------------
     0 | Abyss:1  | shakdrar the Demonspawn Abyssal Knight began the quest for the Orb.
     0 | Abyss:1  | Reached XP level 1. HP: 18/18 MP: 2/2
    22 | D:1      | Escaped the Abyss
    54 | D:1      | Reached skill level 1 in Dodging
   446 | D:1      | Gained mutation: You regenerate a little health from kills. [demonic ancestry]
   446 | D:1      | Reached XP level 2. HP: 10/24 MP: 4/4
   592 | D:1      | Acquired Lugonu's second power
   864 | D:1      | Reached XP level 3. HP: 29/29 MP: 5/5
  1735 | D:2      | Gained mutation: You have sharp toenails. [demonic ancestry]
  1735 | D:2      | Reached XP level 4. HP: 18/35 MP: 6/6
  2075 | D:3      | Acquired Lugonu's third power
  2084 | D:3      | Gained mutation: You are clumsy. (Dex -2) [potion of mutation]
  2084 | D:3      | Gained mutation: Your body sometimes deteriorates upon taking damage. [potion of mutation]
  2084 | D:3      | Gained mutation: You are very clumsy. (Dex -4) [potion of mutation]
  2137 | D:3      | Reached skill level 4 in Invocations
  2311 | D:3      | Noticed joooohncena's ghost (average TrFi)
  2362 | D:3      | HP: 1/35 [hound (1)]
  2362 | D:3      | Slain by a hound

Vault maps used:
D:1:      dpeg_arrival_tiny_f
D:2:      first_bread, roderic_lattice_a
D:3:      nicolae_ru_the_path_less_chosen
Abyss:1:  evilmike_abyss_exit_12, bh_abyss_exit_spiral

Action                   |  1- 3 |  4- 6 || total
-------------------------+-------+-------++-------
Melee: Hand axe          |   178 |    50 ||   228
Invok: Banish            |       |     2 ||     2
  Use: Scroll            |     7 |       ||     7
       Potion            |     2 |     2 ||     4
  Eat: Meat ration       |     1 |       ||     1
